 Dungeon Crawl Stone Soup version 0.16-a0-390-gb1c4911 (webtiles) character file.

315656 PolkaDot the Maledictor (level 20, -4/139 HPs)
             Began as a Vampire Enchanter on Sept 11, 2014.
             Was the Champion of Ashenzari.
             Slain by a purple very ugly thing (28 damage)
             ... on Level 4 of the Depths on Sept 13, 2014.
             The game lasted 05:45:45 (65444 turns).

PolkaDot the Maledictor (Vampire Enchanter)        Turns: 65444, Time: 05:45:45

HP  -4/139       AC 17     Str 12      XL: 20   Next: 51%
MP   3/40        EV 21     Int 25 (27) God: Ashenzari [******]
Gold 1673        SH  4     Dex 16      Spells: 13 memorised,  4 levels left

rFire  + . .     SeeInvis +     a - +5 dagger (speed) (curse)
rCold  + + +     Clarity  +     t - +3 leather armour {rF+} (curse)
rNeg   + + +     rCorr    .     C - -2 buckler of the Frog {rElec rN+}
rPois  +         rRot     +     j - +2 hat {MR+} (curse)
rElec  +         Spirit   .     u - +2 cloak {+Inv} (curse)
SustAb .         Warding  .     f - +1 pair of gloves (curse)
rMut   .         Stasis   .     Q - +2 pair of boots {run} (curse)
Gourm  .                        J - cursed amulet "Waph" {Faith rC+ MR++ Slay-2}
MR     +++++                    y - cursed +4 ring of slaying
                                r - cursed +6 ring of intelligence

@: mighty, about to teleport, flying, slightly contaminated, bloodless,
non-regenerating, glowing, deflect missiles, quick, almost entirely resistant to
hostile enchantments, quite stealthy
A: bottle blood, fangs 3, see invisible, unbreathing, forlorn
a: Bat Form, Bottle Blood, Scrying, Transfer Knowledge, Renounce Religion, Evoke
Invisibility
}: 2/15 runes: decaying, gossamer


You were on level 4 of the Depths.
You worshipped Ashenzari.
Ashenzari was exalted by your worship.
You were bloodless.

You visited 7 branches of the dungeon, and saw 43 of its levels.
You also visited: Labyrinth, Sewer, Bailey, Ice Cave and Volcano.

You collected 5635 gold pieces.
You spent 3962 gold pieces at shops.

Inventory:

Hand weapons
 a - a cursed +5 dagger of speed (weapon)
 b - the +10 blowgun of Zoco {speed, rC+}
   (You bought it in a shop on level 14 of the Dungeon)

   Attacks with this weapon are significantly faster.
   It protects you from cold.
Missiles
 F - 3 throwing nets (quivered)
Armour
 f - a cursed +1 pair of gloves (worn)
 j - a cursed +2 hat of magic resistance (worn)
 t - a cursed +3 leather armour of fire resistance (worn)
 u - a cursed +2 cloak of darkness (worn)
 C - the cursed -2 buckler of the Frog (worn) {rElec rN+}
   (You acquired it on level 7 of the Lair of Beasts)

   It insulates you from electricity.
   It protects you from negative energy.
   It has a curse placed upon it.
 Q - a cursed +2 pair of boots of running (worn)
Magical devices
 p - a wand of cold (7)
 w - a wand of disintegration (4)
 x - a wand of heal wounds (0)
 G - a wand of confusion (9)
 H - a wand of fire (1)
 K - a wand of draining (0)
 L - a wand of teleportation (3)
 N - a wand of enslavement (13) {unknown}
 V - a wand of paralysis (13)
Scrolls
 c - 3 scrolls of curse weapon
 e - a scroll of teleportation
 i - 4 scrolls of magic mapping
 l - 4 scrolls of fog
 n - a scroll of silence
 q - 3 scrolls of recharging
 s - 5 scrolls of curse armour
 v - 4 scrolls of immolation
 z - 12 scrolls of identify
 D - 12 scrolls of remove curse
 O - 8 scrolls of fear
 R - 3 scrolls of amnesia
Jewellery
 r - a cursed +6 ring of intelligence (left hand)
 y - a cursed +4 ring of slaying (right hand)
 J - the cursed amulet "Waph" (around neck) {Faith rC+ MR++ Slay-2}
   (You found it on level 1 of the Depths)

   [amulet of faith]

   It allows you to gain divine favour quickly.
   It affects your accuracy and damage with ranged weapons and melee attacks
   (-2).
   It protects you from cold.
   It affects your resistance to hostile enchantments.
   It has a curse placed upon it.
Potions
 g - 7 potions of flight
 h - 3 potions of brilliance
 k - 5 potions of restore abilities
 o - 2 potions of might
 B - 2 potions of cure mutation {!q}
 E - 3 potions of haste
 P - a potion of magic
Books
 I - a book of Enchantments

   Spells                             Type                      Level
   Tukima's Dance                     Hexes                        3
   Cause Fear                         Hexes                        4
   *Silence                           Hexes/Air                    5
   *Deflect Missiles                  Charms/Air                   6
   Haste                              Charms                       6
   *Discord                           Hexes                        8
 M - a book of Burglary

   Spells                             Type                      Level
   Swiftness                          Charms/Air                   2
   *Passwall                          Transmutation/Earth          3
   Passage of Golubria                Translocation                4
   Lee's Rapid Deconstruction         Earth                        5
   Invisibility                       Hexes                        6
   *Darkness                          Hexes                        7


   Skills:
 - Level 7.2 Fighting
 - Level 10.6(14.8) Short Blades
 - Level 4.3 Armour
 - Level 9.7(14.0) Dodging
 - Level 23.7(27) Stealth
 - Level 5.0(8.0) Shields
 * Level 16.1 Spellcasting
 - Level 25.1(27) Hexes
 - Level 10.6(14.9) Charms
 - Level 1.7(4.8) Translocations
 - Level 3.1(7.0) Transmutations
 - Level 1.4(4.3) Ice Magic
 - Level 4.0(8.2) Air Magic
 - Level 12.0(16.2) Evocations


You had 4 spell levels left.
You knew the following spells:

 Your Spells              Type           Power        Failure   Level  Hunger
a - Corona                Hex            #######      0%          1    None
b - Sure Blade            Hex/Chrm       #######...   0%          2    None
c - Confuse               Hex            ########     0%          3    None
d - Ensorcelled Hibernat  Hex/Ice        ######       0%          2    None
e - Enslavement           Hex            ########     0%          4    None
p - Passwall              Trmt/Erth      #####.....   1%          3    None
q - Blink                 Tloc           N/A          1%          2    None
A - Apportation           Tloc           #####.....   1%          1    None
D - Deflect Missiles      Chrm/Air       ######....   3%          6    ####...
F - Flight                Chrm/Air       ######....   1%          3    None
Q - Silence               Hex/Air        #######...   1%          5    None
S - Darkness              Hex            ########..   1%          7    #####..
Z - Discord               Hex            ########..   1%          8    #######


Dungeon Overview and Level Annotations

Branches:
Dungeon (15/15)            Temple (1/1) D:5             Orc (4/4) D:11
    Elf (0/3) Orc:4          Lair (8/8) D:9           Swamp (5/5) Lair:3
 Spider (5/5) Lair:6        Slime (0/6) Lair:7       Vaults (0/5) D:14
 Depths (5/5) D:15
    Zot: Depths:5

Altars:
Ashenzari
Cheibriados
Dithmenos
Elyvilon
Fedhas
Gozag
Kikubaaqudgha
Makhleb
Nemelex Xobeh
Okawaru
Qazlal
Sif Muna
Trog
Vehumet
Xom
Yredelemnul
Zin
The Shining One
Jiyva

Shops:
D:4 %   D:11 [   D:13 (   D:14 (   Orc:1 (   Orc:2 }   Orc:4 :![*   Depths:1 *
Depths:3 (*?(

Portals:
Hell: Depths:1 Depths:2 Depths:3
Pandemonium: Depths:2 Depths:3
Ziggurat: Depths:4

Annotations:
Orc:2 Joseph
Lair:8 exclusions: plant and 3 more exclusions
Depths:4 exclusions: ice statue and 6 ravenous item mimics, Saint Roka, Xtahua
Depths:5 exclusion: silver statue


Innate Abilities, Weirdness & Mutations

You do not heal naturally.
You can bottle blood from corpses.
You have razor-sharp teeth.
You have supernaturally acute eyesight.
You can survive without breathing.
You have difficulty communicating with the divine.


Message History

Your earth elemental closely misses the storm dragon.
Read which item? (? for menu, Esc to quit)
As you read the scroll of teleportation, it crumbles to dust.
You feel strangely unstable.
Your manticore changes into a draconian!
Your hill giant changes into a faun!
The spider changes into a mottled dragon!
Casting: Blink
Confirm with . or Enter, or press ? or * to list all spells.
You fly up into the air.
* * * LOW MAGIC WARNING * * *
The storm dragon changes into a death yak!
The war gargoyle launches metal splinters at you.
The spray of metal splinters hits you!
Your draconian changes into a manticore!
The death yak changes into a white draconian!
The war gargoyle launches metal splinters at you.
You deflect the spray of metal splinters!
The purple very ugly thing bites you!!
You die...

',,, , ,
,..............###** , ,
, , .............>..{{,,
' , '.§§§...........##
,* , *,
#≈≈≈≈§.....§9§§## ,,,, ,
*≈≈≈≈≈E....§c§# ** , ,,,
, , * #9≈...u.§§# * ,,,
**,,, {∆,#≈≈.D.8H§.# ,,{
* * * * ∩ #≈≈.u.dE..# ,
,, , ',,{*,,{#≈≈@E.....#
*{, , * * ,, {
#≈≈.......# *{ * , ,,,
,* * #≈≈.......# * *
#.... * ≈ ≈≈≈........#
,* #....###
**≈≈≈.........# *
#(..h'... #≈≈..........#
#######..$*≈≈..........#
,*
#######.∩)#≈≈........,,*
*,* #######9!)#≈ , ...,
* *


You could see a purple very ugly thing, a white draconian shaped shifter, a
white ugly thing, a crystal guardian, 2 war gargoyles, a fire elemental, an air
elemental, a mottled dragon shaped shifter, a friendly faun shaped shifter, a
friendly manticore shaped shifter and a friendly earth elemental.

Vanquished Creatures
  the Lernaean hydra (Swamp:5)
  Margery (Depths:3)
  Norris (Swamp:2)
  Arachne (Spider:2)
  Asterion (Spider:3)
  2 tentacled monstrosities (Depths:3)
  3 liches
  An Ice Fiend (IceCv)
  A titan (Depths:3)
  An octopode crusher (Depths:1)
  A storm dragon (Depths:3)
  3 sphinxes (Depths:3)
  Agnes (Depths:3)
  3 thorn hunters
  A shadow dragon (Depths:3)
  2 tengu reavers (Depths:3)
  The ghost of Psiweapon the Sharpshooter, a mighty KoHu of Dithmenos (Swamp:2)
  7 fire giants
  3 frost giants (Depths:3)
  The ghost of lennard the Severer, a powerful DDBe of Trog (Swamp:2)
  2 ghost moths (Spider:5)
  6 emperor scorpions
  Gastronok (D:8)
  A balrug (Depths:3)
  Jorgrun (Swamp:2)
  9 stone giants
  4 very ugly things
  A war gargoyle (Depths:4)
  2 spriggan defenders (Depths:3)
  3 dire elephants
  A blizzard demon (Depths:2)
  Snorg (Lair:6)
  A crystal guardian (Depths:4)
  5 minotaurs
  11 ettins
  3 wizards
  3 fire dragons
  Josephine (D:12)
  8 great orbs of eyes
  2 yaktaur captains
  Harold (Orc:2)
  23 hydras
  8 ice dragons
  The ghost of braks the Frost Mage, a powerful DsIE of Vehumet (Lair:4)
  2 spriggan air magi (Depths:3)
  3 shambling mangroves
  4 rakshasas (Depths:3)
  8 deep troll shamans
  3 centaur warriors
  3 ogre magi
  9 deep troll earth magi
  3 ravenous item mimics (Depths:4)
  2 dancing weapons (Depths:4)
  A tengu warrior (Depths:3)
  3 alligators
  3 orc high priests (Orc:4)
  12 death yaks
  Urug (Swamp:1)
  A spriggan (Swamp:3)
  2 catoblepae (Depths:1)
  A vampire mage (D:15)
  A soul eater (Depths:3)
  A storm dragon zombie (Depths:3)
  A storm dragon skeleton (Depths:1)
  6 orc knights
  6 iron trolls
  26 skeletal warriors
  17 deep trolls
  A torturous demonspawn (Depths:2)
  6 ice devils (IceCv)
  4 unseen horrors
  A salamander mystic (Depths:1)
  8 hell knights
  A spriggan druid (Swamp:4)
  3 infernal demonspawn (Depths:3)
  2 orb spiders
  Erolcha (D:13)
  A flayed ghost (Depths:3)
  An orb spider (shapeshifter) (Depths:3)
  3 giant orange brains
  17 swamp dragons
  A deep troll (shapeshifter) (Depths:4)
  9 hill giants
  4 ice statues
  A hellion (Depths:1)
  9 necromancers
  10 wolf spiders
  A deep elf conjurer (Depths:3)
  A wolf spider (shapeshifter) (Depths:1)
  2 stone giant zombies
  2 fauns (shapeshifter) (Depths:4)
  The ghost of WhatIsLove the Shooter, an experienced CeHu (D:5)
  A lindwurm (Volcano)
  2 ugly things
  A griffon (Lair:8)
  3 sixfirhies (Orc:4)
  4 orc sorcerers (Orc:4)
  A cyclops (shapeshifter) (Depths:4)
  5 cyclopes
  3 salamanders (Depths:1)
  3 moths of wrath
  9 black mambas
  A manticore (Depths:3)
  A black mamba (shapeshifter) (Depths:4)
  10 elephants
  5 red wasps
  A draconian (shapeshifter) (Depths:3)
  6 molten gargoyles
  A stone giant skeleton (Depths:1)
  15 spiny frogs
  An iron devil (Depths:2)
  An orange demon (Depths:2)
  3 torpor snails
  A kobold demonologist (D:13)
  2 item mimics
  2 gargoyles
  5 komodo dragons
  6 demonic crawlers
  A death yak skeleton (Depths:1)
  A hydra zombie (D:13)
  3 anaconda simulacra (IceCv)
  A red devil (Depths:1)
  Grinder (D:4)
  4 fire drakes
  6 blue devils (IceCv)
  A tengu conjurer (D:12)
  9 yaktaurs
  9 trolls
  4 wind drakes
  8 blink frogs
  4 fire vortices
  A raven (shapeshifter) (D:13)
  29 slime creatures
  2 boulder beetles
  2 baby alligators (Swamp:1)
  8 two-headed ogres
  8 giant leeches
  20 ravens
  10 bog bodies
  7 jumping spiders
  A deep elf mage (D:14)
  A ynoxinul (Depths:3)
  5 trapdoor spiders
  2 mottled dragons
  A spriggan skeleton (Depths:1)
  A wraith (D:14)
  13 tarantellas
  19 redbacks
  A spriggan (shapeshifter) (Depths:3)
  An ettin skeleton (D:15)
  A hill giant zombie (D:12)
  2 vampires
  12 water elementals
  A dire elephant simulacrum (IceCv)
  A fire dragon skeleton (D:14)
  3 wyverns
  9 shadows
  An ice dragon skeleton (Depths:1)
  Eustachio (D:4)
  8 air elementals
  A neqoxec (Depths:2)
  32 yaks
  17 wolves
  A steam dragon (D:9)
  14 hippogriffs
  21 vampire mosquitoes
  7 fire elementals
  3 hungry ghosts
  A chaos spawn (Orc:4)
  2 elf skeletons
  An iron troll simulacrum (IceCv)
  Edmund (Orc:1)
  2 soldier ants
  3 wargs
  2 harpy simulacra (IceCv)
  A hell hound (Depths:1)
  A naga (shapeshifter) (Depths:4)
  17 water moccasins
  29 swamp worms
  13 swamp drakes
  2 hydra simulacra (IceCv)
  6 porcupines
  25 orc warriors
  A human skeleton (Depths:3)
  A deep troll zombie (D:15)
  6 black bears
  20 ice beasts
  13 spiders
  4 boggarts (Depths:3)
  3 yellow wasps
  6 centaurs
  3 sky beasts
  11 ogres
  5 phantoms
  3 boring beetles
  A manticore skeleton (D:12)
  An ettin simulacrum (IceCv)
  Duvessa (D:5)
  4 necrophages (Swamp:1)
  22 crocodiles
  3 electric eels (D:13)
  9 big kobolds
  14 insubstantial wisps
  2 yaktaur zombies (D:15)
  13 giant frogs
  A cyclops zombie (D:12)
  8 earth elementals
  5 scorpions
  2 eyes of draining
  A troll zombie (Swamp:2)
  10 killer bees
  5 wights (D:11)
  A troll skeleton (D:11)
  12 crimson imps
  22 orc priests
  3 quasits
  A wyvern simulacrum (D:12)
  A two-headed ogre zombie (D:15)
  2 goliath beetles
  4 jellies
  A basilisk zombie (D:12)
  A giant frog skeleton (D:12)
  14 hounds
  A centaur skeleton (D:4)
  13 iguanas
  27 orc wizards
  An iron imp (Depths:3)
  10 worker ants
  23 sheep
  A hound skeleton (D:4)
  A mummy (D:14)
  72 green rats
  4 gnolls (D:5)
  7 shadow imps
  22 adders
  4 giant mites
  An inept item mimic (D:2)
  3 worms (D:2)
  7 giant geckos
  6 oozes
  119 orcs
  6 ball pythons
  14 bats
  3 giant cockroaches
  14 hobgoblins
  7 jackals (D:3)
  18 quokkas
  3 giant newts
  2 giant spores
  23 goblins
  A goblin skeleton (D:5)
  2 goblin zombies (D:5)
  2 hobgoblin skeletons
  3 hobgoblin zombies (D:5)
  42 kobolds
  A kobold skeleton (D:5)
  3 orc skeletons
  An orc zombie (D:5)
  57 rats
  4 ballistomycetes
  A briar patch (Swamp:5)
  A fungus (Lair:5)
  A plant (Lair:7)
1633 creatures vanquished.

Vanquished Creatures (collateral kills)
  the Enchantress (Depths:4)
  A tentacled monstrosity (Depths:3)
  A titan (Depths:3)
  A tengu reaver (Depths:3)
  A war gargoyle (Depths:4)
  2 spriggan defenders (Depths:4)
  A deep elf demonologist (Depths:3)
  A deep elf death mage (Depths:3)
  2 crystal guardians (Depths:4)
  A deep elf high priest (Depths:3)
  2 ice dragons (Depths:3)
  A spriggan air mage (Depths:4)
  2 deep troll earth magi (Depths:1)
  A dancing weapon (Depths:4)
  A deep troll shaman (Depths:1)
  6 ball lightnings (Depths:4)
  A swamp dragon (shapeshifter) (Depths:3)
  2 orc knights (Bailey)
  A death drake (shapeshifter) (Depths:4)
  An orc sorcerer (Depths:4)
  A faun (shapeshifter) (Depths:4)
  5 ugly things (Depths:4)
  An oklob plant (Lair:8)
  A feature mimic (D:12)
  A gargoyle (Depths:4)
  A komodo dragon (shapeshifter) (Depths:4)
  2 fire vortices (Depths:4)
  A yaktaur (Depths:3)
  A polar bear (shapeshifter) (Depths:4)
  A wind drake (Depths:4)
  2 slime creatures (D:13)
  4 spriggans
  A yak (Lair:8)
  2 fire elementals (Depths:4)
  2 air elementals (Depths:4)
  3 vampire mosquitoes
  A wolf (D:13)
  Grum (D:13)
  A porcupine (Lair:4)
  An orc warrior (Bailey)
  A swamp drake (Lair:7)
  3 yellow wasps
  A black bear (D:13)
  A phantom (D:13)
  An ogre (Depths:1)
  A necrophage (D:15)
  5 insubstantial wisps
  An electric eel (D:13)
  A wight (D:11)
  A giant spore (D:5)
  A briar patch (Swamp:5)
80 creatures vanquished.

Vanquished Creatures (others)
  A storm dragon (Depths:3)
  A very ugly thing (Depths:4)
  A war gargoyle (Depths:4)
  An ettin (Depths:2)
  A centaur warrior (Depths:3)
  2 ball lightnings (Depths:4)
  2 orc sorcerers (Depths:4)
  A fire vortex (Depths:2)
  2 spriggans (Depths:4)
  A water elemental (Depths:4)
  3 orc warriors (Depths:4)
  A boggart (Depths:3)
  A centaur (D:15)
  A scorpion (D:15)
  An orc wizard (Depths:4)
  5 orcs (Depths:4)
  A giant spore (D:12)
  A briar patch (Swamp:5)
  8 fungi (Lair:8)
  9 plants
44 creatures vanquished.

Grand Total: 1757 creatures vanquished

Notes
Turn   | Place    | Note
--------------------------------------------------------------
     0 | D:1      | PolkaDot, the Vampire Enchanter, began the quest for the Orb.
     0 | D:1      | Reached XP level 1. HP: 13/13 MP: 3/3
   455 | D:1      | Reached XP level 2. HP: 19/19 MP: 2/4
   478 | D:1      | Learned a level 2 spell: Ensorcelled Hibernation
   931 | D:2      | Reached skill level 5 in Hexes
   975 | D:2      | Found a stormy altar of Qazlal.
   983 | D:2      | Reached skill level 5 in Stealth
  1056 | D:2      | Reached XP level 3. HP: 24/24 MP: 6/6
  1810 | D:2      | Found a blossoming altar of Fedhas.
  1813 | D:2      | Found a shadowy altar of Dithmenos.
  1859 | D:2      | Reached skill level 1 in Ice Magic
  1872 | D:2      | Reached XP level 4. HP: 16/30 MP: 7/7
  2453 | D:2      | Found a basalt altar of Yredelemnul.
  2478 | D:2      | Found a burning altar of Makhleb.
  2495 | D:2      | Reached skill level 6 in Hexes
  2878 | D:3      | Reached XP level 5. HP: 35/35 MP: 9/9
  4081 | D:3      | Reached skill level 7 in Hexes
  4607 | D:4      | Reached XP level 6. HP: 31/41 MP: 0/10
  4622 | D:4      | Noticed an ogre
  4725 | D:4      | Found a glowing drain.
  4787 | Sewer    | Entered a sewer
  4797 | Sewer    | Learned a level 3 spell: Confuse
  4800 | Sewer    | Learned a level 2 spell: Sure Blade
  4906 | Sewer    | Reached skill level 8 in Hexes
  5605 | Sewer    | Reached XP level 7. HP: 46/46 MP: 9/12
  6064 | D:4      | Noticed Grinder
  6073 | D:4      | Killed Grinder
  6073 | D:4      | Reached skill level 9 in Hexes
  6076 | D:4      | Found Nigydd's Food Shop.
  6136 | D:4      | Reached skill level 10 in Hexes
  6320 | D:5      | Entered Level 5 of the Dungeon
  6325 | D:5      | Noticed WhatIsLove's ghost (experienced CeHu)
  6339 | D:5      | Killed WhatIsLove's ghost
  6339 | D:5      | Reached skill level 5 in Short Blades
  6339 | D:5      | Reached skill level 11 in Hexes
  6339 | D:5      | Reached XP level 8. HP: 27/52 MP: 7/13
  6448 | D:5      | Found a glowing golden altar of the Shining One.
  6503 | D:5      | Found a staircase to the Ecumenical Temple.
  6530 | Temple   | Entered the Ecumenical Temple
  6819 | Temple   | Became a worshipper of Ashenzari the Shackled
  7292 | D:4      | Noticed Eustachio
  7297 | D:4      | Killed Eustachio
  7393 | D:4      | Reached skill level 1 in Armour
  7393 | D:4      | Reached skill level 12 in Hexes
  7447 | D:4      | Killed an ogre
  7528 | D:4      | Reached skill level 10 in Stealth
  7819 | D:5      | Reached XP level 9. HP: 57/57 MP: 3/14
  7866 | D:5      | Learned a level 4 spell: Enslavement
  7944 | D:5      | Noticed Duvessa
  7951 | D:5      | Noticed Dowan
  7959 | D:5      | Noticed Dowan
  7959 | D:5      | Dowan changed into Dowan the scorpion
  7962 | D:5      | Killed Duvessa
  7964 | D:5      | Killed Dowan the scorpion
  8111 | D:5      | Found a glowing silver altar of Zin.
  9563 | D:6      | Reached skill level 13 in Hexes
 10570 | D:7      | Reached skill level 14 in Hexes
 10851 | D:7      | Acquired Ashenzari's first power
 11203 | D:8      | Noticed Gastronok
 11209 | D:8      | Reached XP level 10. HP: 63/63 MP: 11/16
 11233 | D:8      | Killed Gastronok
 11233 | D:8      | Reached skill level 15 in Hexes
 12076 | D:9      | Found a staircase to the Lair.
 12201 | D:9      | Reached skill level 16 in Hexes
 12560 | D:9      | Found an iron altar of Okawaru.
 12951 | Lair:1   | Entered Level 1 of the Lair of Beasts
 13324 | Lair:1   | Reached XP level 11. HP: 68/68 MP: 17/17
 13770 | Lair:2   | Identified the +2 robe of Midsummer {Dex-1 Slay+4}
 14064 | Lair:2   | Noticed a black mamba
 14071 | Lair:2   | Killed a black mamba
 14083 | Lair:2   | Acquired Ashenzari's second power
 14248 | Lair:2   | Noticed a six-headed hydra
 14275 | Lair:2   | Killed a six-headed hydra
 14275 | Lair:2   | Reached skill level 17 in Hexes
 14407 | Lair:3   | Found a staircase to the Swamp.
 14407 | Lair:3   | Noticed an eight-headed hydra
 14413 | Lair:3   | Killed an eight-headed hydra
 14476 | Lair:3   | Found a labyrinth entrance.
 14494 | Lab      | Entered a labyrinth
 14537 | Lab      | Noticed a minotaur
 14573 | Lab      | Killed a minotaur
 14590 | Lab      | Identified Roxanne's Incunabulum of the Mountains and Transmigration
 15263 | Lair:3   | Reached skill level 18 in Hexes
 16156 | Lair:4   | Noticed braks' ghost (powerful DsIE)
 16183 | Lair:4   | Killed braks' ghost
 16183 | Lair:4   | Reached skill level 15 in Stealth
 16614 | Lair:4   | Reached XP level 12. HP: 74/74 MP: 13/18
 17492 | Lair:5   | Reached skill level 19 in Hexes
 17762 | Lair:5   | Learned a level 3 spell: Flight
 18015 | Lair:5   | Acquired Ashenzari's third power
 18275 | Lair:5   | Found an iron altar of Okawaru.
 18617 | Lair:6   | Noticed Snorg
 18631 | Lair:6   | Killed Snorg
 18944 | Lair:7   | Found a staircase to the Slime Pits.
 18944 | Lair:7   | Found a viscous altar of Jiyva.
 19308 | Lair:6   | Found a hole to the Spider Nest.
 19536 | Lair:6   | Found a deep blue altar of Sif Muna.
 19915 | Lair:6   | Reached skill level 20 in Hexes
 20444 | Lair:7   | Reached skill level 10 in Short Blades
 20454 | Lair:7   | Noticed a four-headed hydra
 20475 | Lair:7   | Killed a four-headed hydra
 20724 | Lair:7   | Identified the -5 scale mail of Death Resistance {+Inv rElec rN+ Curse}
 20755 | Lair:8   | Entered Level 8 of the Lair of Beasts
 20755 | Lair:8   | Noticed a five-headed hydra
 20765 | Lair:8   | Killed a five-headed hydra
 20860 | Lair:7   | Reached XP level 13. HP: 79/79 MP: 16/19
 21322 | Lair:7   | Identified a scroll of acquirement
 21324 | Lair:7   | Got the cursed buckler of the Frog {rElec rN+}
 21330 | Lair:7   | Identified the cursed -2 buckler of the Frog {rElec rN+} (You acquired it on level 7 of the Lair of Beasts)
 21367 | Lair:7   | Identified the cursed +0 plate armour "Neroyn" {Dex+2} (You acquired it on level 7 of the Lair of Beasts)
 21543 | Lair:8   | Noticed a four-headed hydra
 21546 | Lair:8   | Killed a four-headed hydra
 21742 | Lair:8   | Reached skill level 1 in Shields
 21743 | Lair:8   | Noticed a four-headed hydra
 21750 | Lair:8   | Killed a four-headed hydra
 21750 | Lair:8   | Reached skill level 21 in Hexes
 21754 | Lair:8   | Noticed a seven-headed hydra
 21763 | Lair:8   | Killed a seven-headed hydra
 23269 | D:10     | Entered Level 10 of the Dungeon
 23315 | D:10     | Identified the +3 halberd "Sufiylel" {chop, -Tele +Inv rC+ Stlth++}
 23315 | D:10     | Found a flagged portal.
 23325 | Bailey   | Entered a bailey
 23484 | Bailey   | Acquired Ashenzari's fourth power
 23737 | Bailey   | Identified the +0 fire dragon armour of Brilliance {rF++ rC- Str+1 Slay+3 Curse}
 24765 | D:12     | Found a frozen archway.
 24765 | D:12     | the frozen archway was a mimic.
 24959 | D:11     | Found a staircase to the Orcish Mines.
 25024 | D:11     | Reached skill level 22 in Hexes
 25029 | D:11     | Found Rudwig's Armour Shoppe.
 25291 | D:11     | Reached skill level 5 in Shields
 25808 | D:13     | Found Awnud's Weapon Shop.
 26218 | D:12     | Reached skill level 1 in Evocations
 26360 | D:12     | Reached XP level 14. HP: 86/86 MP: 20/20
 26631 | D:12     | Learned a level 2 spell: Repel Missiles
 26641 | D:12     | Noticed Josephine
 26644 | D:12     | Killed Josephine
 27068 | D:13     | Noticed Grum
 27085 | D:13     | Killed Grum
 27254 | D:14     | Found Trolal's Antique Weapon Shop.
 27268 | D:14     | Bought a crude dagger for 259 gold pieces
 27268 | D:14     | Identified the cursed +2 dagger of Huefi {stab, -Tele +Fly rN+ MR++} (You bought it in a shop on level 14 of the Dungeon)
 27268 | D:14     | Bought a pitted blowgun for 277 gold pieces
 27268 | D:14     | Identified the +10 blowgun of Zoco {speed, rC+} (You bought it in a shop on level 14 of the Dungeon)
 28427 | D:13     | Noticed Erolcha
 28430 | D:13     | Killed Erolcha
 28674 | D:13     | Reached skill level 5 in Evocations
 29456 | D:15     | Entered Level 15 of the Dungeon
 29638 | D:14     | Reached skill level 23 in Hexes
 29665 | D:14     | Identified a +1 pair of boots of running (You found it on level 14 of the Dungeon)
 29800 | D:14     | Found a gate to the Vaults.
 32364 | D:15     | Found a staircase to the Depths.
 32704 | D:15     | Reached XP level 15. HP: 61/91 MP: 19/25
 33069 | D:15     | Upgraded the game from 0.16-a0-360-g33738f0 to 0.16-a0-380-gc94ca1e
 33366 | Swamp:1  | Entered Level 1 of the Swamp
 33462 | Swamp:1  | Noticed Urug
 33475 | Swamp:1  | Killed Urug
 33614 | Swamp:1  | Found a frozen archway.
 33754 | IceCv    | Entered an ice cave
 34133 | IceCv    | Reached skill level 24 in Hexes
 34434 | IceCv    | Noticed an Ice Fiend
 34438 | IceCv    | Killed an Ice Fiend
 36214 | Swamp:2  | Noticed Psiweapon's ghost (mighty KoHu)
 36233 | Swamp:2  | Killed Psiweapon's ghost
 37002 | Swamp:2  | Noticed Jorgrun
 37012 | Swamp:2  | Noticed Norris
 37702 | Swamp:2  | Noticed lennard's ghost (powerful DDBe)
 37728 | Swamp:2  | Killed lennard's ghost
 38447 | Swamp:2  | Paralysed by Norris for 4 turns
 38459 | Swamp:2  | Killed Norris
 38459 | Swamp:2  | Reached skill level 25 in Hexes
 38583 | Swamp:2  | Killed Jorgrun
 39079 | Swamp:3  | Reached skill level 1 in Charms
 39086 | Swamp:3  | Reached XP level 16. HP: 97/97 MP: 27/28
 40567 | Swamp:4  | Found a blossoming altar of Fedhas.
 40593 | Swamp:4  | Reached skill level 10 in Evocations
 41095 | Swamp:4  | Reached skill level 5 in Charms
 41322 | Swamp:5  | Entered Level 5 of the Swamp
 41946 | Swamp:5  | Noticed the 27-headed Lernaean hydra
 41956 | Swamp:5  | Killed the 27-headed Lernaean hydra
 43373 | Spider:1 | Entered Level 1 of the Spider Nest
 44016 | Spider:2 | Noticed Arachne
 44018 | Spider:2 | Killed Arachne
 44345 | Spider:3 | Noticed Asterion
 44356 | Spider:3 | Killed Asterion
 44538 | Spider:3 | Reached XP level 17. HP: 102/102 MP: 28/30
 45047 | Spider:3 | Identified the +7 chain mail of Lesser Demons {Str-2 Int+3 Curse}
 45223 | Spider:3 | Reached skill level 10 in Charms
 45437 | Spider:5 | Entered Level 5 of the Spider Nest
 46066 | Spider:5 | Reached skill level 1 in Fighting
 46084 | Spider:5 | Got a gossamer rune of Zot
 46817 | Orc:1    | Entered Level 1 of the Orcish Mines
 47146 | Orc:1    | Noticed Edmund
 47153 | Orc:1    | Killed Edmund
 47512 | Orc:1    | Found Isiughax's Antique Weapon Emporium.
 47525 | Orc:2    | Noticed Harold
 47534 | Orc:2    | Killed Harold
 47534 | Orc:2    | Reached skill level 5 in Dodging
 47690 | Orc:2    | Noticed Joseph
 47869 | Orc:2    | Found Pyekaen's Gadget Shop.
 47878 | Orc:2    | Bought a wand of heal wounds (4) for 576 gold pieces
 47886 | Orc:2    | Found a dark tunnel.
 47895 | Volcano  | Entered a volcano
 48766 | Orc:4    | Entered Level 4 of the Orcish Mines
 49498 | Orc:4    | Found a staircase to the Elven Halls.
 50161 | Orc:4    | Found Viurrela's General Store.
 50161 | Orc:4    | Found Iwajeitt's Armour Shop.
 50166 | Orc:4    | Found Shou's Distillery.
 50204 | Orc:4    | Found Ghiythi's Book Shoppe.
 50394 | Orc:4    | Bought a book of Spatial Translocations for 975 gold pieces
 50394 | Orc:4    | Bought a book of Burglary for 1125 gold pieces
 50397 | Orc:4    | Learned a level 1 spell: Apportation
 50400 | Orc:4    | Learned a level 2 spell: Blink
 50987 | Orc:4    | Bought a book of Enchantments for 750 gold pieces
 51676 | Swamp:5  | Got a decaying rune of Zot
 52184 | Depths:1 | Entered Level 1 of the Depths
 52269 | Depths:1 | Reached skill level 1 in Translocations
 52338 | Depths:1 | Identified the amulet "Waph" {Faith rC+ MR++ Slay-2}
 52342 | Depths:1 | Reached skill level 5 in Fighting
 52350 | Depths:1 | Found a gateway to Hell.
 52351 | Depths:1 | Identified the +4 demon blade of the Establishment {flame, rF+ MR+ Stlth-}
 52711 | Depths:1 | Noticed a lich
 52722 | Depths:1 | Killed a lich
 54521 | Depths:1 | Learned a level 3 spell: Passwall
 54636 | Depths:1 | Found Liro's Pet Rocks.
 54642 | Depths:1 | Identified the -1 ring mail "Kaiclak" {+Blink}
 54718 | Depths:1 | Reached skill level 1 in Transmutations
 54741 | Depths:1 | Reached XP level 18. HP: 123/123 MP: 1/32
 55027 | Depths:1 | Reached skill level 5 in Spellcasting
 55818 | Depths:2 | Learned a level 6 spell: Deflect Missiles
 55939 | Depths:1 | Reached skill level 1 in Air Magic
 56766 | Depths:2 | Found a one-way gate leading to the halls of Pandemonium.
 57895 | Depths:2 | Learned a level 5 spell: Silence
 57897 | Depths:2 | Identified the Collected Works on Flight
 57901 | Depths:2 | Identified Task's Papyrus of Clay
 57920 | Depths:2 | Upgraded the game from 0.16-a0-380-gc94ca1e to 0.16-a0-390-gb1c4911
 59471 | Depths:3 | Reached XP level 19. HP: 132/132 MP: 26/34
 59660 | Depths:3 | Reached skill level 10 in Spellcasting
 60027 | Depths:3 | Identified Ilumuci's Grimoire of Beguiling and Confrontation
 60804 | Depths:3 | Identified the cursed -2 morningstar of Theory {flame, -Tele rElec Int-4 Stlth--}
 60876 | Depths:3 | Learned a level 8 spell: Discord
 60878 | Depths:3 | Found Katuaf's Antique Weapon Boutique.
 60878 | Depths:3 | Found Pluadwua's Magic Scroll Emporium.
 60879 | Depths:3 | Found Maethi's General Store.
 60879 | Depths:3 | Found Thruawue's Antique Weapon Boutique.
 60896 | Depths:3 | Gained mutation: You have difficulty communicating with the divine. [mutagenic glow]
 61235 | Depths:3 | Noticed Margery
 61235 | Depths:3 | Killed Margery
 61477 | Depths:3 | Noticed Agnes
 61477 | Depths:3 | Killed Agnes
 61512 | Depths:3 | Reached XP level 20. HP: 78/139 MP: 37/39
 62060 | Depths:3 | Learned a level 7 spell: Darkness
 62389 | Depths:3 | Reached skill level 15 in Spellcasting
 63983 | Depths:5 | Entered Level 5 of the Depths
 64802 | Depths:4 | Noticed the Enchantress
 64807 | Depths:4 | Noticed Xtahua
 65234 | Depths:4 | Found a gateway to a ziggurat.
 65346 | Depths:4 | Noticed Saint Roka
 65349 | Depths:4 | Killed the Enchantress
 65444 | Depths:4 | Slain by a purple very ugly thing

Action                   |  1- 3 |  4- 6 |  7- 9 | 10-12 | 13-15 | 16-18 | 19-21 || total
-------------------------+-------+-------+-------+-------+-------+-------+-------++-------
Melee: Dagger            |    90 |   283 |   325 |   519 |  1018 |   996 |   481 ||  3712
Throw: Stone             |       |       |       |     9 |       |       |       ||     9
       Throwing net      |       |       |       |     1 |       |     3 |       ||     4
 Cast: Corona            |     9 |       |     3 |     7 |    13 |    11 |     1 ||    44
       Ensorcelled Hiber |     5 |    73 |    74 |   164 |   209 |   117 |    41 ||   683
       Confuse           |       |       |    12 |    15 |    69 |    62 |    16 ||   174
       Sure Blade        |       |       |     4 |     2 |    12 |    19 |    39 ||    76
       Enslavement       |       |       |     5 |     6 |    37 |    24 |    18 ||    90
       Flight            |       |       |       |       |    14 |    41 |     8 ||    63
       Apportation       |       |       |       |       |       |    17 |       ||    17
       Blink             |       |       |       |       |       |     5 |     4 ||     9
       Repel Missiles    |       |       |       |       |       |     1 |       ||     1
       Passwall          |       |       |       |       |       |    18 |    57 ||    75
       Deflect Missiles  |       |       |       |       |       |     1 |       ||     1
       Silence           |       |       |       |       |       |     1 |       ||     1
       Discord           |       |       |       |       |       |       |     8 ||     8
Invok: Scrying           |       |       |       |       |       |       |     3 ||     3
 Abil: End Transformatio |       |       |       |       |     1 |       |       ||     1
       Bat Form          |       |       |       |       |     1 |       |       ||     1
       Evoke Invisibilit |       |       |       |       |    37 |    69 |    14 ||   120
       Turn Visible      |       |       |       |       |    24 |    44 |     6 ||    74
Evoke: Wand              |       |       |       |     5 |    22 |    18 |    20 ||    65
  Use: Scroll            |       |     6 |    11 |    19 |    34 |    15 |    13 ||    98
       Potion            |       |     5 |     2 |    14 |     4 |    17 |    12 ||    54
 Stab: Sleeping          |    13 |    60 |    84 |   187 |   291 |   283 |   104 ||  1022
       Confused          |       |       |    10 |    14 |    48 |    26 |     6 ||   104
       Distracted        |       |       |     2 |     3 |     7 |     5 |     4 ||    21
       Betrayed ally     |       |       |       |     1 |     3 |     3 |     2 ||     9
       Invisible         |       |       |       |       |    40 |    88 |    12 ||   140
       Held in net/web   |       |       |       |       |       |     3 |       ||     3
       Petrifying        |       |       |       |       |       |     1 |       ||     1
  Eat: Corpse            |       |       |       |       |       |     1 |     1 ||     2
